 Dungeon Crawl Stone Soup version bcrawl-1.27.1d (webtiles) character file.

Game seed: 14802247204832866076

105129 MisterOstroum the Digger (level 4, 0/35 HPs)
             Began as a Demigod Earth Elementalist on June 11, 2020.
             Succumbed to an adder's poison
             ... on level 3 of the Dungeon on July 16, 2020.
             The game lasted 00:11:57 (2639 turns).

MisterOstroum the Digger (DgEE)                     Turns: 2639, Time: 00:11:58

Health: 0/35       AC:  3    Str: 12    XL:     4   Next: 33%
Magic:  0/9        EV: 12    Int: 26    God:    Demigod [*.....]
Gold:   153        SH:  0    Dex: 17    Spells: 3/7 levels left

rFire    . . .     SeeInvis .   b - +0 dagger
rCold    . . .     Gourm    .   (no shield)
rNeg     . . .     Faith    .   c - +0 robe
rPois    .         Spirit   .   (no helmet)
rElec    .         Reflect  .   (no cloak)
rCorr    .         Harm     .   (no gloves)
MR       .....                  q - +0 pair of boots
Stlth    ++........             (no amulet)
HPRegen  0.11/turn              (no ring)
MPRegen  0.11/turn              (no ring)

@: brilliant, lethally poisoned (0 -> -12)
A: high mp 1
a: Temporal Distortion


You were on level 3 of the Dungeon.
You worshipped Demigod.
Demigod was aware of your devotion.
You were not hungry.

You visited 1 branch of the dungeon, and saw 3 of its levels.

You collected 153 gold pieces.

Inventory:

Hand Weapons
 a - a +0 hunting sling
 b - a +0 dagger (weapon)
 k - a +0 club
 m - a +0 whip
Missiles
 h - 267 bolts
 o - 288 stones (quivered)
 p - 46 needles of confusion
Armour
 c - a +0 robe (worn)
 q - a +0 pair of boots (worn)
Scrolls
 d - a scroll of blinking {unknown}
 f - a scroll of magic mapping {unknown}
 g - a scroll of fear {unknown}
 i - a scroll of immolation {unknown}
Potions
 l - a potion of haste {@q4 !q}
 n - a potion of lignification {@q6}
 r - 3 potions of degeneration
Comestibles
 e - 7 rations {!d}
 s - a chunk of flesh


   Skills:
 - Level 1.0 Fighting
 - Level 1.7 Dodging
 + Level 2.2 Stealth
 - Level 2.1 Spellcasting
 + Level 1.1 Conjurations
   Level 0.8 Transmutations
 * Level 3.9 Earth Magic


You had 3 spell levels left.
You knew the following spells:

 Your Spells              Type           Power        Failure   Level  Hunger
a - Sandblast             Erth           #####.       1%          1    None
b - Stone Arrow           Conj/Erth      ####..       1%          3    ####...

Your spell library contained the following spells:

 Spells                   Type           Power        Failure   Level  Hunger
 Passwall                 Tmut/Erth      ####....     1%          2    ##.....
 Petrify                  Tmut/Erth      ####......   4%          4    ######.
 Lee's Rapid Deconstruct  Erth           #####.....   7%          5    #######


Dungeon Overview and Level Annotations

Branches:
Dungeon (3/12)

Annotations:
D:2 Terence


Innate Abilities, Weirdness & Mutations

You have an increased reservoir of magic. (+10% MP)


Message History

Eat a chunk of flesh? (ye/n/q)
You eat the chunk of flesh.
This raw flesh tastes terrible.
Things that are here:
a +0 hand axe; a river rat corpse; a goblin corpse You butcher the goblin corpse.
s - a chunk of flesh
Things that are here:
a +0 hand axe; a river rat corpse; a goblin skeleton Wear which item? (? for menu, Esc to quit)
You start putting on your armour.
You continue putting on your pair of boots. x4
You finish putting on your +0 pair of boots.
A worm comes into view.
The adder hisses angrily.
Casting: Sandblast (safe; 3% risk of failure)
Confirm with . or Enter, or press ? or * to list all spells.
You can't see any susceptible monsters within range! (Use Z to cast anyway.)
Casting: Sandblast (safe; 3% risk of failure)
Confirm with . or Enter, or press ? or * to list all spells.
Aiming: Stone Arrow (safe; 16% risk of failure)
Press: ? - help, Shift-Dir - straight line, f - worm
Aim: a worm (hasn't noticed you)
The stone arrow hits the worm.
The worm is moderately wounded.
Casting: Stone Arrow (safe; 16% risk of failure)
Confirm with . or Enter, or press ? or * to list all spells.
Aiming: Stone Arrow (safe; 16% risk of failure)
Press: ? - help, Shift-Dir - straight line, f/p - worm
Aim: a worm (moderately wounded)
The stone arrow hits the worm!
The worm is almost dead.
a - a +0 hunting sling (weapon)
Firing (i - inventory)
o - 309 stones (quivered)
Press: ? - help, Shift-Dir - straight line, f/p - worm
Aim: a worm (almost dead)
You shoot a stone. The stone misses the adder.
The stone hits the worm.
You kill the worm!
Your kill strengthens your divinity.
b - a +0 dagger (weapon)
The adder barely misses you.
You miss the adder.
You hear the slow rusting of a distant drain.
The adder bites you.
You are poisoned.
The adder poisons you!
You miss the adder.
You feel sick. The adder bites you. x2
You are more poisoned.
The adder poisons you!
You completely miss the adder.
You feel sick. The adder bites you.
It was a potion of brilliance.
You feel clever all of a sudden.
You feel sick. The adder completely misses you.
Casting: Stone Arrow (safe; 1% risk of failure)
Confirm with . or Enter, or press ? or * to list all spells.
Aiming: Sandblast (safe; 1% risk of failure)
Press: ? - help, Shift-Dir - straight line, f - adder
Aim: an adder The blast of sand hits the adder!
The adder is severely wounded.
o - 298 stones The adder barely misses you.
The adder bites you.
Okay, then.
You feel sick.
You hit the adder.
The adder is almost dead.
You feel sick. The adder bites you.
* * * LOW HITPOINT WARNING * * *
You are lethally poisoned!
The adder poisons you!
You barely miss the adder.
The adder is almost dead.
* * * LOW HITPOINT WARNING * * *
You feel sick. The adder bites you but does no damage.
You barely miss the adder.
The adder is almost dead.
* * * LOW HITPOINT WARNING * * *
You feel sick. The adder bites you.
* * * LOW HITPOINT WARNING * * *
You are more poisoned.
The adder poisons you! The adder barely misses you.
Casting: Sandblast (safe; 1% risk of failure)
Confirm with . or Enter, or press ? or * to list all spells.
Aiming: Sandblast (safe; 1% risk of failure)
Press: ? - help, Shift-Dir - straight line, f/p - adder
Aim: an adder (almost dead)
The blast of sand hits the adder!
You kill the adder!
Your kill strengthens your divinity.
o - 288 stones
* * * LOW HITPOINT WARNING * * *
You feel sick.
You are brilliant.
You are lethally poisoned (3 -> -10).
Your movement speed is average.
Your attack speed is average.
Your base attributes are Str 12, Int 21, Dex 17.
Okay, then.
* * * LOW HITPOINT WARNING * * *
You feel sick.
You see here an adder corpse.
You die...
Your divinity fades.

.≈# .≈#≈ .≈≈≈≈ ..≈#≈
## ...≈≈≈#
#.###....#≈# #
#......≈≈≈# #.
##@..?..≈≈#######
###.#†#####.........#
#....÷.# #........
#.##.#.# #.....#..
#.#)# #<......o #.#.#
####.#...... #.##.#.#
#...r...##.o
#......###..........#
#........or.......#..


There were no monsters in sight!

Vanquished Creatures
  An adder (D:3)
  A river rat (D:3)
  A worm (D:3)
  A dart slug (D:1)
  3 leopard geckos
  An orc (D:3)
  A ball python (D:1)
  3 bats
  5 giant cockroaches
  8 hobgoblins
  9 jackals (D:2)
  3 kobolds
  2 quokkas (D:2)
  3 frilled lizards (D:2)
  6 goblins
  8 rats
56 creatures vanquished.

Notes
Turn   | Place    | Note
-------+----------+-------------------------------------------
     0 | D:1      | MisterOstroum the Demigod Earth Elementalist began the
                  | quest for the Orb.
     0 | D:1      | Reached XP level 1. HP: 14/14 MP: 5/5
     0 | D:1      | Upgraded the game from bcrawl-1.24 to bcrawl-1.24.2
     0 | D:1      | Upgraded the game from bcrawl-1.24.2 to bcrawl-1.26.1
     0 | D:1      | Upgraded the game from bcrawl-1.26.1 to bcrawl-1.27.1d
   138 | D:1      | Reached skill level 1 in Fighting
   266 | D:1      | Reached XP level 2. HP: 23/23 MP: 4/7
   537 | D:1      | Reached skill level 3 in Earth Magic
  1201 | D:2      | Reached XP level 3. HP: 28/28 MP: 8/8
  1221 | D:2      | Learned a level 3 spell: Stone Arrow
  1243 | D:2      | Reached * piety under Demigod
  1397 | D:2      | Found a burning altar of Makhleb.
  1397 | D:2      | Noticed an Executioner
  1501 | D:2      | Found an ancient bone altar of Kikubaaqudgha.
  1501 | D:2      | Found a hide-covered altar of Uskayaw.
  1566 | D:2      | Noticed Terence
  2602 | D:3      | Reached XP level 4. HP: 31/35 MP: 5/9
  2604 | D:3      | Reached skill level 1 in Conjurations
  2639 | D:3      | Succumbed to an adder's poison

Skill      XL: |  1  2  3  4 |
---------------+-------------+-----
Fighting       | 1 |  1.0
Earth Magic    | 3 |  3.9
Spellcasting   | 2 |  2.1
Conjurations   | 1 |  1.1
Dodging        | |  1.7
Stealth        | |  2.2
Transmutations | |  0.8

Action                   |  1- 3 |  4- 6 || total
-------------------------+-------+-------++-------
Melee: Unarmed           |    73 |       ||    73
       Club              |     1 |       ||     1
       Dagger            |   119 |     9 ||   128
 Fire: Hunting sling     |    31 |     1 ||    32
Throw: Stone             |     3 |       ||     3
 Cast: Sandblast         |    33 |     4 ||    37
       Stone Arrow       |     1 |     2 ||     3
  Use: Scroll            |     3 |       ||     3
       Potion            |       |     1 ||     1
 Stab: Sleeping          |     3 |       ||     3
  Eat: Chunk             |    13 |     1 ||    14
Armor: Robe              |    39 |     2 ||    41
Dodge: Dodged            |   151 |     5 ||   156
